 Dungeon Sprint DCSS version 0.19.4-25-g1b72edd (webtiles) character file.

175 equalderp2856 the Skirmisher (level 5, -2/44 HPs)
             Began as a Mummy Fighter on Feb 28, 2017.
             Slain by a sky beast (6 damage)
             ... in the Dungeon (Sprint VII: "The Pits").
             The game lasted 00:02:05 (543 turns).

equalderp2856 the Skirmisher (Mummy Fighter)         Turns: 543, Time: 00:02:06

Health: -2/44      AC:  7    Str: 20    XL:     5   Next: 29%
Magic:  5/5        EV:  8    Int:  8    God:
Gold:   0          SH:  9    Dex: 11    Spells: 0 memorised, 4 levels left

rFire  x . .     SeeInvis .     a - +0 war axe
rCold  + . .     Gourm    .     b - +0 scale mail
rNeg   + + +     Faith    .     c - +0 shield
rPois  ∞         Spirit   .     (no helmet)
rElec  .         Reflect  .     (no cloak)
rCorr  .         Harm     .     (no gloves)
MR     .....     NoTele   +     (no boots)
Stlth  +.........               (no amulet)
                                (no ring)
                                (no ring)

@: no status effects
A: no food or potions, fire vulnerability, cold resistance 1, negative energy
resistance 3, torment resistance, unbreathing
a: no special abilities


You were in the Dungeon.
You were not hungry.

You visited 1 branch

Inventory:

Hand Weapons
 a - a +0 war axe (weapon)
Armour
 b - a +0 scale mail (worn)
 c - a +0 shield (worn)
Scrolls
 d - a scroll of blinking
 e - 3 scrolls of remove curse
 f - 5 scrolls of amnesia
 g - a scroll of summoning


   Skills:
 + Level 5.2 Fighting
 + Level 4.9 Axes
 + Level 4.9 Armour
 + Level 1.4 Dodging
 * Level 3.3 Stealth
 + Level 4.4 Shields


You had 4 spell levels left.
You didn't know any spells.

Dungeon Overview and Level Annotations

Branches:
Dungeon (1/1)

Altars:
Ashenzari
Cheibriados
Dithmenos
Elyvilon
Fedhas
Gozag
Hepliaklqana
Kikubaaqudgha
Makhleb
Nemelex Xobeh
Okawaru
Qazlal
Ru
Sif Muna
Trog
Uskayaw
Vehumet
Xom
Yredelemnul
Zin
The Shining One
Beogh
Jiyva
Lugonu


Innate Abilities, Weirdness & Mutations

You do not eat or drink.
Your flesh is vulnerable to fire.
You are immune to poison.
Your flesh is cold resistant. (rC+)
You are immune to negative energy. (rN+++)
You are immune to unholy pain and torment.
You can survive without breathing.


Message History

The worker ant twitches its antennae in your direction.
The sky beast hits you. The sky beast shocks you.
A hobgoblin comes into view.
You barely miss the sky beast.
The hobgoblin shouts!
The sky beast hits you but does no damage.
The sky beast flickers out of sight!
Deactivating autopickup; reactivate with Ctrl-A.
Something hits you. Something shocks you.
Your shield prevents you from hitting something.
Something hits you but does no damage.
You closely miss something. Something hits you. Something shocks you.
Something hits you.
* * * LOW HITPOINT WARNING * * *
Something shocks you.
* * * LOW HITPOINT WARNING * * *
You closely miss something. Something hits you.
* * * LOW HITPOINT WARNING * * *
Something shocks you.
You die...

#____#####'#######
######)))#.##.....
#%?(!')))'.##.....
##########.##.....
#...........'.....
#'#####'#####.....
#.#..#.÷#..##.....
#.#..'..'..#####'#
#@##'####÷###.....
#{#.%......##.....
#h#........##.....
#a#####'#####...<.
#g#..[)))!.##.....
#.#..[)))!.##.....
#'###########.....
#.. ###### #..#


You could see a wolf, a worker ant and a hobgoblin.

Vanquished Creatures
  A floating eye (D)
  A crimson imp (D)
  A worker ant (D)
  A river rat (D)
  An ufetubus (D)
  A bat zombie (D)
  A quokka (D)
  2 bats (D)
  A rat (D)
10 creatures vanquished.

Notes
Turn   | Place    | Note
-------+----------+-------------------------------------------
     0 | D        | equalderp2856 the Mummy Fighter began the quest for the Orb.
     0 | D        | Reached XP level 1. HP: 18/18 MP: 1/1
   124 | D        | Noticed a worker ant
   132 | D        | Killed a worker ant
   132 | D        | Reached skill level 4 in Fighting
   132 | D        | Reached XP level 2. HP: 21/25 MP: 2/2
   132 | D        | Reached XP level 3. HP: 25/30 MP: 3/3
   245 | D        | Noticed a floating eye
   248 | D        | Paralysed by a floating eye for 3 turns
   264 | D        | Paralysed by a floating eye for 4 turns
   270 | D        | Killed a floating eye
   270 | D        | Reached skill level 5 in Fighting
   270 | D        | Reached skill level 1 in Dodging
   270 | D        | Reached XP level 4. HP: 39/39 MP: 4/4
   289 | D        | Reached XP level 5. HP: 43/44 MP: 5/5
   490 | D        | Found a radiant altar of Vehumet.
   490 | D        | Found a hide-covered altar of Uskayaw.
   490 | D        | Found an ancient bone altar of Kikubaaqudgha.
   490 | D        | Found a viscous altar of Jiyva.
   490 | D        | Found a hazy altar of Hepliaklqana.
   491 | D        | Found a bloodstained altar of Trog.
   491 | D        | Found a deep blue altar of Sif Muna.
   491 | D        | Found a sacrificial altar of Ru.
   491 | D        | Found a stormy altar of Qazlal.
   491 | D        | Found an iron altar of Okawaru.
   491 | D        | Found a sparkling altar of Nemelex Xobeh.
   491 | D        | Found an opulent altar of Gozag.
   491 | D        | Found a blossoming altar of Fedhas.
   491 | D        | Found a white marble altar of Elyvilon.
   491 | D        | Found a shadowy altar of Dithmenos.
   491 | D        | Found a snail-covered altar of Cheibriados.
   492 | D        | Found a glowing golden altar of the Shining One.
   492 | D        | Found a glowing silver altar of Zin.
   494 | D        | Found a roughly hewn altar of Beogh.
   494 | D        | Found a burning altar of Makhleb.
   494 | D        | Found a basalt altar of Yredelemnul.
   495 | D        | Found a shattered altar of Ashenzari.
   495 | D        | Found a corrupted altar of Lugonu.
   495 | D        | Found a shimmering altar of Xom.
   529 | D        | Noticed a sky beast
   537 | D        | Noticed a wolf
   543 | D        | Slain by a sky beast

Skill      XL: |  1  2  3  4 |
---------------+-------------+-----
Fighting       | 4 5 |  5.2
Axes           | 2 4 |  4.9
Armour         | 3 4 |  4.9
Shields        | 3 4 |  4.4
Dodging        | 1 |  1.4
Stealth        | 2 3 |  3.3

Action                   |  1- 3 |  4- 6 || total
-------------------------+-------+-------++-------
Melee: War axe           |    43 |    28 ||    71
Armor: Scale mail        |    22 |    16 ||    38
Dodge: Dodged            |    15 |    12 ||    27
Block: Shield            |    26 |    16 ||    42
